 Dungeon Crawl Stone Soup version 0.26.1-2-gb8aa6d0cf2 (webtiles) character file.

Game seed: 11925014374143052492

1122 DearestLeader the Transmogrifier (level 8, 0/48 HPs)
             Began as an Octopode Transmuter on Mar 14, 2021.
             Slain by an orc wizard
             ... wielding a +1 dagger of speed
              (5 damage)
             ... on level 5 of the Dungeon on Mar 15, 2021.
             The game lasted 00:11:43 (5496 turns).

DearestLeader the Transmogrifier (OpTm)             Turns: 5496, Time: 00:11:43

Health: 0/48       AC:  2    Str: 10    XL:     8   Next: 35%
Magic:  7/9        EV: 19    Int: 17    God:
Gold:   52         SH:  0    Dex: 17    Spells: 2/11 levels left

rFire    . . .     SeeInvis .     - Unarmed
rCold    . . .     Faith    .   (shield currently unavailable)
rNeg     . . .     Spirit   .   (helmet currently unavailable)
rPois    x         Reflect  .   (no amulet)
rElec    .         Harm     .   (no ring)
rCorr    .         Rampage  .   (no ring)
Will     .....     Clarity  +   (no ring)
Stlth    +++.......             (no ring)
HPRegen  0.16/turn              (no ring)
MPRegen  0.11/turn              (no ring)
                                (no ring)
                                (no ring)

@: spider-form
A: tiny, almost no armour, stealthy swim, (amphibious), 8 rings, (constrict 8),
clarity, low mp 1
a: End Transformation


You were on level 5 of the Dungeon.
You were a venomous arachnid creature.
You visited 1 branch of the dungeon, and saw 5 of its levels.

You collected 250 gold pieces.
You spent 198 gold pieces at shops.

Inventory:

Hand Weapons
 f - a +0 hunting sling
 h - a +0 dagger of venom (melded)
Missiles
 k - 8 curare-tipped darts (quivered)
Wands
 d - a wand of polymorph (9)
 j - a wand of random effects (41)
 l - a wand of iceblast (8)
Scrolls
 b - a scroll of enchant weapon
 e - 3 scrolls of remove curse
 i - a scroll of teleportation
 n - a scroll of random uselessness
 o - a scroll of noise {unknown}
Potions
 a - a potion of lignification {unknown}
 c - 2 potions of might {unknown}
 g - a potion of cancellation {unknown}
 m - 3 potions of mutation
 p - a potion of attraction {unknown}
 r - a potion of flight {unknown}
 s - a potion of brilliance {unknown}
 t - a potion of haste


   Skills:
 - Level 1.0 Fighting
 - Level 2.0 Dodging
 + Level 6.6 Stealth
 - Level 3.0 Unarmed Combat
 - Level 2.0 Spellcasting
 * Level 8.1 Transmutations
 - Level 3.0 Poison Magic


You had 2 spell levels left.
You knew the following spells:

 Your Spells              Type           Power        Failure   Level
a - Beastly Appendage     Tmut           58%          4%          1
b - Spider Form           Tmut/Pois      10%          17%         3
c - Blade Hands           Tmut           14%          38%         5

Your spell library contained the following spells:

 Spells                   Type           Power        Failure   Level
 Wereblood                Tmut           29%          5%          2
 Ice Form                 Ice/Tmut       15%          58%         4


Dungeon Overview and Level Annotations

Branches:
Dungeon (5/15)
 Temple: D:4-7

Altars:
Nemelex Xobeh
Ru

Shops:
D:4 !


Innate Abilities, Weirdness & Mutations

You cannot wear most types of armour.
You are very stealthy in the water. (Stealth+)
((You are amphibious.))
You can wear up to eight rings at the same time.
((You can use your tentacles to constrict eight enemies at once.))
((Your skin changes colour to match your surroundings (Stealth+).))
((Your rubbery body absorbs attacks. (AC +1, EV +1)))
((You are partially covered in large bone plates. (SH +4)))
You possess an exceptional clarity of mind.
((Your flesh is cold resistant. (rC+)))
Your magical capacity is low. (-10% MP)


Message History

You hit the orc priest.
The orc priest is severely wounded.
The orc priest calls down the wrath of Beogh upon you.
Pain shoots through your body!
* * * LOW HITPOINT WARNING * * *
You barely miss the orc priest.
The orc priest is almost dead.
You kill the orc priest!
You barely miss the orc wizard. The orc wizard casts a spell at you.
The magic dart hits you.
* * * LOW HITPOINT WARNING * * *
You closely miss the orc wizard. The orc wizard casts a spell at you.
The magic dart hits you.
* * * LOW HITPOINT WARNING * * *
The orc wizard closely misses you.
You barely miss the orc wizard.
The orc wizard hits you with a +1 dagger of speed.
You die...

#o# #.. #.# #.# #.#
#.######## #######.#####
#...o..<.# #.....#...)..
########o####.#.....#.>..
#s)......#.#.#.##ยง
######.###.#.#o...
#...).#.#o##.
#######W#..B. #.o....
###.### #... #.### #..


You could see an orc wizard (fast).

Vanquished Creatures
  Sigmund (D:4)
  Duvessa (D:4)
  A phantom (D:4)
  An ogre (D:4)
  Blork the orc (D:4)
  Dowan (D:4)
  A scorpion (D:3)
  2 orc wizards
  3 orc priests
  Jessica (D:2)
  Natasha (thrice) (D:4)
  An iguana (D:4)
  Ijyb (D:3)
  2 worker ants
  9 adders
  An adder skeleton (D:4)
  4 worms
  3 dart slugs
  7 orcs
  8 goblins
  7 hobgoblins
  7 jackals (D:3)
  6 kobolds
  A quokka (D:2)
  4 ball pythons
  9 bats
  7 frilled lizards
  11 rats
104 creatures vanquished.

Notes
Turn   | Place    | Note
-------+----------+-------------------------------------------
     0 | D:1      | DearestLeader the Octopode Transmuter began the quest for
                  | the Orb.
     0 | D:1      | Reached XP level 1. HP: 13/13 MP: 3/3
     1 | D:1      | Noticed an electric eel
    72 | D:1      | Reached skill level 1 in Stealth
   140 | D:1      | Reached XP level 2. HP: 18/18 MP: 3/5
   596 | D:1      | Reached skill level 3 in Transmutations
   596 | D:1      | Reached XP level 3. HP: 23/23 MP: 4/6
   600 | D:1      | Learned a level 3 spell: Spider Form
  1039 | D:2      | Noticed Jessica
  1047 | D:2      | Killed Jessica
  1048 | D:2      | Reached skill level 1 in Poison Magic
  1048 | D:2      | Reached XP level 4. HP: 26/28 MP: 5/7
  1478 | D:2      | Found a sacrificial altar of Ru.
  1485 | D:2      | Reached skill level 4 in Transmutations
  1791 | D:2      | Reached XP level 5. HP: 29/33 MP: 8/8
  2404 | D:3      | Reached skill level 5 in Transmutations
  2489 | D:3      | Reached XP level 6. HP: 22/38 MP: 9/9
  2530 | D:3      | Noticed Ijyb
  2542 | D:3      | Gained mutation: Your magical capacity is low. (-10% MP)
                  | [potion of mutation]
  2542 | D:3      | Gained mutation: You are partially covered in large bone
                  | plates. (SH +4) [potion of mutation]
  2542 | D:3      | Gained mutation: You possess an exceptional clarity of
                  | mind. [potion of mutation]
  2542 | D:3      | Gained mutation: Your flesh is cold resistant. (rC+)
                  | [potion of mutation]
  2550 | D:3      | Killed Ijyb
  3441 | D:4      | Noticed Blork the orc
  3444 | D:4      | Noticed Sigmund
  3448 | D:4      | Killed Blork the orc
  3456 | D:4      | Killed Sigmund
  3457 | D:4      | Reached skill level 6 in Transmutations
  3457 | D:4      | Reached XP level 7. HP: 23/43 MP: 9/9
  3622 | D:4      | Noticed Dowan
  3624 | D:4      | Noticed Duvessa
  3631 | D:4      | Killed Dowan
  3671 | D:4      | HP: 2/43 [Duvessa/+0 short sword (8)]
  3672 | D:4      | Killed Duvessa
  3673 | D:4      | Reached skill level 5 in Stealth
  3673 | D:4      | Reached skill level 7 in Transmutations
  4219 | D:4      | Noticed Natasha
  4228 | D:4      | Killed Natasha
  4509 | D:4      | Noticed Natasha
  4517 | D:4      | Killed Natasha
  4635 | D:4      | Noticed Natasha
  4643 | D:4      | Killed Natasha
  4662 | D:4      | Learned a level 5 spell: Blade Hands
  4698 | D:4      | Found Vuaboigu's Distillery.
  4710 | D:4      | Reached XP level 8. HP: 31/48 MP: 7/9
  4814 | D:4      | Bought a potion of mutation for 88 gold pieces
  4814 | D:4      | Bought a potion of haste for 110 gold pieces
  5072 | D:4      | Found a sparkling altar of Nemelex Xobeh.
  5127 | D:5      | Entered Level 5 of the Dungeon
  5234 | D:4      | Reached skill level 8 in Transmutations
  5496 | D:5      | Slain by an orc wizard

Illustrated notes

Levels and vault maps discovered:
D:1:      arrival_aquarium_a, layout_rooms
D:2:      layout_loops_ring, nicolae_ru_great_annihilating_truth, uniq_jessica
D:3:      layout_rooms, cheibrodos_sewer_entry_bend, uniq_ijyb
D:4:      layout_cave_pools, serial_shops, shop, nemelex_spade_bored_becter,
          uniq_natasha, uniq_blork_the_orc, uniq_duvessa, uniq_sigmund
D:5:      layout_loops_cross, gammafunk_temple_overflow_elements,
          fedhas_altar_1, minivault_5, kennysheep_generic_room_10

Skill      XL: |  1  2  3  4  5  6  7  8 |
---------------+-------------------------+-----
Stealth        | 1 2 4 6 |  6.6
Transmutations | 3 4 5 6 7 8 |  8.1
Poison Magic   | 1 2 3 |  3.0
Fighting       | |  1.0
Dodging        | |  2.0
Unarmed Combat | |  3.0
Spellcasting   | |  2.0

Action                   |  1- 3 |  4- 6 |  7- 9 || total
-------------------------+-------+-------+-------++-------
Melee: Unarmed           |    52 |       |    75 ||   127
       Constrict         |    16 |    34 |     4 ||    54
       Kick              |    13 |     9 |     4 ||    26
       Tentacles         |     8 |    24 |     4 ||    36
       Dagger            |     6 |   144 |    16 ||   166
       Punch             |       |       |     1 ||     1
 Cast: Beastly Appendage |    16 |     2 |     3 ||    21
       Spider Form       |       |       |    10 ||    10
Evoke: Wand              |       |       |     1 ||     1
  Use: Scroll            |       |     4 |     2 ||     6
       Potion            |       |     1 |       ||     1
 Stab: Sleeping          |     3 |    10 |     1 ||    14
       Distracted        |       |       |     1 ||     1
Armor: Skin              |     4 |     3 |     3 ||    10
Dodge: Dodged            |    41 |    83 |    57 ||   181
Block: Other             |       |     3 |     1 ||     4
